 Dungeon Sprint DCSS version 0.21.1-1-g345015f (webtiles) character file.

194966 wojtek the Axe Maniac (level 16, -5/139 (161) HPs)
             Began as a Minotaur Berserker on Feb 25, 2018.
             Was a High Priest of Trog.
             Splashed with acid (11 damage)
             ... in the Dungeon (Sprint III: "The Ten Rune Challenge").
             The game lasted 00:39:51 (10453 turns).

wojtek the Axe Maniac (Minotaur Berserker)         Turns: 10453, Time: 00:39:51

HP:   -5/139 (161)  AC: 33    Str: 26    XL:     16   Next: 54%
MP:   20/20         EV: 22    Int: 14    God:    Trog [*****.]
Gold: 1474          SH:  0    Dex: 16    Spells: 15/15 levels left

rFire    + + +     SeeInvis +   E - +9 executioner's axe "Transmigrator" {protect, MR+ Int+6}
rCold    + + .     Gourm    .   (shield currently unavailable)
rNeg     . . .     Faith    .   T - +1 gold dragon scales
rPois    +         Spirit   .   S - +2 hat
rElec    .         Reflect  .   k - scarf {rC+ rF+}
rCorr    .         Harm     .   P - +0 pair of gloves "Cowiung" {Int+4}
MR       ++++.     NoTele   +   I - +0 pair of boots {Fly}
Stlth    ..........             G - amulet of Vitality {Regen+ HP+15}
HPRegen  0.73/turn              h - ring of Denas {rPois rF+ MR+ SInv}
MPRegen  0.17/turn              F - ring of the Evening {rPois MR+ Dex+3}

@: corroded, protection aura, flying, very slightly contaminated, starving
A: retaliatory headbutt, horns 2, frail 2, wild magic 1
}: 4/10 runes: decaying, barnacled, silver, golden
a: Berserk, Trog's Hand, Brothers in Arms, Burn Spellbooks, Renounce Religion


You were in the Dungeon.
You worshipped Trog.
Trog was extremely pleased with you.
You were starving.

You visited 1 branch You collected 4926 gold pieces.
You spent 3452 gold pieces at shops.

Inventory:

Hand Weapons
 a - the +7 broad axe "Tuq Ojac" {chop, rPois Int+7}
   (Trog gifted it to you in the Dungeon)

   It inflicts extra damage upon your enemies.
   It affects your intelligence (+7).
   It protects you from poison.
 b - a +6 antimagic broad axe
 w - the +4 battleaxe of Lepaenn {freeze, Dex+7}
   (Trog gifted it to you in the Dungeon)

   It has been specially enchanted to freeze those struck by it, causing extra
   injury to most foes and up to half again as much damage against particularly
   susceptible opponents.
   It can also slow down cold-blooded creatures.
   It affects your dexterity (+7).
 y - a +4 battleaxe of flaming
 z - the +10 battleaxe of Valuable Assets {protect, rPois}
   (Trog gifted it to you in the Dungeon)

   It protects the one who uses it against injury (+AC on strike).
   It protects you from poison.
 E - the +9 executioner's axe "Transmigrator" (weapon) {protect, MR+ Int+6}
   (Trog gifted it to you in the Dungeon)

   It protects the one who uses it against injury (+AC on strike).
   It affects your intelligence (+6).
   It affects your resistance to hostile enchantments.
 H - a +4 vampiric battleaxe
 L - a +4 vampiric executioner's axe
 V - a +0 blowgun
 Z - a +6 vampiric battleaxe
Missiles
 u - 5 throwing nets (quivered)
 W - 6 curare-tipped needles
Armour
 k - a scarf of resistance (worn)
 D - the +3 hat of Pondering {ponderous, MR+ MP+10 Int+5}
   (You took it off Gastronok in the Dungeon)

   It affects your intelligence (+5).
   It affects your resistance to hostile enchantments.
   It affects your magic capacity (+10).
 I - a +0 pair of boots of flying (worn)
 P - the +0 pair of gloves "Cowiung" (worn) {Int+4}
   (You found it in the Dungeon)

   It affects your intelligence (+4).
 S - a +2 hat (worn)
 T - +1 gold dragon scales (worn)
 Y - the +0 plate armour "Zougopt" {+Fly rF+}
   (You bought it in a shop in the Dungeon)

   It protects you from fire.
   It lets you fly.
Jewellery
 h - the ring of Denas (left hand) {rPois rF+ MR+ SInv}
   (You acquired it in the Dungeon)

   [ring of protection from magic]

   It protects you from fire.
   It protects you from poison.
   It affects your resistance to hostile enchantments.
   It lets you see invisible.
 F - the ring of the Evening (right hand) {rPois MR+ Dex+3}
   (You bought it in a shop in the Dungeon)

   [ring of protection from magic]

   It affects your dexterity (+3).
   It protects you from poison.
   It affects your resistance to hostile enchantments.
 G - the amulet of Vitality (around neck) {Regen+ HP+15}
   (You bought it in a shop in the Dungeon)

   [amulet of regeneration]

   It affects your health (+15).
   It increases your rate of regeneration.
 J - the ring of Vobymast {rN+ Int+7 Dex+3}
   (You acquired it in the Dungeon)

   [ring of dexterity]

   It affects your intelligence (+7).
   It affects your dexterity (+3).
   It protects you from negative energy.
 M - the ring of Knowledge {Fire rElec Int+8 Stlth-}
   (You acquired it in the Dungeon)

   [ring of fire]

   It enhances your fire magic.
   It affects your intelligence (+8).
   It protects you from fire.
   It makes you vulnerable to cold.
   It insulates you from electricity.
   It makes you less stealthy.
Wands
 s - a wand of disintegration (11)
 A - a wand of scattershot (8)
 C - a wand of digging (6)
 Q - a wand of acid (6)
Scrolls
 i - a scroll of blinking
 j - a scroll of identify
 m - 2 scrolls of immolation {unknown}
 n - a scroll of fear {unknown}
 o - a scroll of holy word {unknown}
 p - 5 scrolls of remove curse
 N - 2 scrolls of enchant weapon {unknown}
 O - a scroll of amnesia {unknown}
 X - 4 scrolls of enchant armour
Potions
 d - 4 potions of curing
 e - 3 potions of heal wounds
 f - a potion of haste
 g - 2 potions of magic
 l - 3 potions of mutation
 q - 2 potions of might
 r - 4 potions of flight
 R - a potion of agility {unknown}
Miscellaneous
 t - a fan of gales
 v - a sack of spiders
 x - a phantom mirror
 K - a fan of gales
 U - a lightning rod (4/4)
Comestibles
 c - 8 rations


   Skills:
 O Level 27 Fighting
 O Level 27 Axes
 O Level 27 Armour
 O Level 27 Dodging
 + Level 7.5 Evocations


You had 15 spell levels left.
You didn't know any spells.

Dungeon Overview and Level Annotations

Branches:
Dungeon (1/1)

Altars:
Cheibriados
Dithmenos
Elyvilon
Fedhas
Gozag
Hepliaklqana
Kikubaaqudgha
Makhleb
Nemelex Xobeh
Okawaru
Qazlal
Ru
Sif Muna
Trog
Uskayaw
Vehumet
Wu Jian
Xom
Yredelemnul
Zin
The Shining One
Beogh
Jiyva
Lugonu

Shops:
D (?=%%?=(}%}[*%}[*!=:([:?

Annotations:
D Royal Jelly


Innate Abilities, Weirdness & Mutations

You reflexively headbutt those who attack you in melee.
You have a pair of horns on your head.
You are very frail. (-20% HP)
Your spells are a little harder to cast, but a little more powerful.


Message History

* * * LOW HITPOINT WARNING * * *
The Royal Jelly hits you.
* * * LOW HITPOINT WARNING * * *
You are splashed with acid!
The acid burns!
* * * LOW HITPOINT WARNING * * *
The azure jelly misses you. The azure jelly barely misses you.
The azure jelly closely misses you. The azure jelly misses you.
The death ooze misses you. The death ooze completely misses you.
The death ooze hits you.
* * * LOW HITPOINT WARNING * * *
You feel your flesh rotting away! The death ooze hits you!
* * * LOW HITPOINT WARNING * * *
Unknown command.
Unknown command.
Blink to where?
Press: ? - help, Dir - move target cursor You are very lightly contaminated with residual magic.
As you read the scroll of blinking, it crumbles to dust.
You are splashed with acid!
The wall burns you!
You die...

▓##'####'#######♣
▓..(!=!.[[".....♣♣
▓#'#############(♣
▓...#≈P..........♣
▓...+≈≈...########♣
▓...#≈≈≈.........PP
▓.).#≈≈≈≈.........P
#'#############'###
##@.......# #.♣♣
#......### #♣.♣
##.......## ♣.♣♣
##§J§......# ♣♣.♣
#.JJJ###....# ♣.♣♣
#JJJ§#(##...# ♣.♣♣
##JJ#Jφ)#..## ♣..♣
#JJJ##%##...# ♣♣.♣
#JJJJ###....# ♣♣.


You could see the Royal Jelly, 2 acid blobs, an azure jelly and 3 death oozes.

Vanquished Creatures
  2 greater mummies (D)
  Sojobo (D)
  2 golden dragons (D)
  A lich (D)
  Rupert (D)
  An Executioner (D)
  Frances (D)
  Polyphemus (D)
  2 sphinxes (D)
  Gastronok (D)
  3 shadow dragons (D)
  Chuck (D)
  Donald (D)
  Roxanne (D)
  6 azure jellies (D)
  Ilsuiw (D)
  3 fire giants (D)
  A draconian knight (D)
  A frost giant (D)
  A stone giant (D)
  A vampire knight (D)
  2 dire elephants (D)
  Snorg (D)
  A merfolk javelineer (D)
  A fire dragon (D)
  11 mummy priests (D)
  A death ooze (D)
  A yaktaur captain (D)
  18 vault guards (D)
  3 hydras (D)
  3 centaur warriors (D)
  An ogre mage (D)
  4 death yaks (D)
  Urug (D)
  4 dancing weapons (D)
  A shock serpent (shapeshifter) (D)
  A deep elf knight (D)
  A shadow wraith (D)
  7 skeletal warriors (D)
  3 death drakes (D)
  A glowing orange brain (shapeshifter) (D)
  A sea snake (D)
  2 obsidian statues (D)
  An unseen horror (D)
  A spriggan druid (D)
  An anaconda zombie (D)
  A spectral hydra (D)
  A lindwurm (D)
  A deep elf mage (D)
  2 oklob plants (D)
  3 ugly things (D)
  A crystal guardian (D)
  A stone giant skeleton (D)
  A shining eye (shapeshifter) (D)
  An orc sorcerer (D)
  A shining eye (D)
  2 elephants (D)
  An iron troll simulacrum (D)
  2 black mambas (D)
  An eye of devastation (shapeshifter) (D)
  4 statues (D)
  2 spiny frogs (D)
  A rime drake (D)
  A komodo dragon (D)
  21 guardian mummies (D)
  3 wandering mushrooms (D)
  2 tyrant leeches (D)
  A queen bee (D)
  4 spriggan defenders (D)
  3 hornets (D)
  3 orc high priests (D)
  7 slime creatures (D)
  8 blink frogs (D)
  3 dream sheep (D)
  A shadow (D)
  3 redbacks (D)
  2 spriggans (D)
  A spatial vortex (D)
  A swamp worm (shapeshifter) (D)
  2 hydra simulacra (D)
  4 floating eyes (D)
  A swamp drake (D)
  A fire dragon simulacrum (D)
  A necrophage (D)
  2 centaurs (D)
  An earth elemental (D)
  A water elemental (D)
  32 killer bees (D)
  A jelly (D)
  An orc priest (D)
  A wizard (D)
  5 necromancers (D)
  An orc wizard (D)
  A polar bear simulacrum (D)
  3 humans (D)
  A kobold demonologist (D)
  2 oozes (D)
  2 adder zombies (D)
  A phantom (D)
  3 orcs (D)
  2 bat zombies (D)
  A giant cockroach simulacrum (D)
  A jackal zombie (D)
  A leopard gecko zombie (D)
  2 rats (D)
  2 butterflies (D)
  3 plants (D)
274 creatures vanquished.

Vanquished Creatures (collateral kills)
  An orc high priest (D)
  An orc knight (D)
  A shining eye (D)
  3 crystal guardians (D)
  An orc sorcerer (D)
  An orc priest (D)
  An orc wizard (D)
  8 orcs (D)
  A goblin (D)
18 creatures vanquished.

Vanquished Creatures (others)
  2 draconian scorchers (D)
  Nessos (D)
  3 yaktaurs (D)
  6 hellions (D)
  An electric eel (D)
  A bush (D)
  13 plants (D)
27 creatures vanquished.

Grand Total: 319 creatures vanquished

Notes
Turn   | Place    | Note
-------+----------+-------------------------------------------
     0 | D        | wojtek the Minotaur Berserker began the quest for the Orb.
     0 | D        | Reached XP level 1. HP: 19/19 MP: 0/0
    12 | D        | Reached XP level 2. HP: 20/27 MP: 1/1
    41 | D        | Reached ** piety under Trog
    68 | D        | Reached skill level 5 in Axes
    72 | D        | Reached XP level 3. HP: 35/35 MP: 2/2
   122 | D        | Noticed a water elemental
   127 | D        | Killed a water elemental
   127 | D        | Reached *** piety under Trog
   127 | D        | Reached skill level 5 in Fighting
   127 | D        | Reached skill level 5 in Armour
   127 | D        | Reached XP level 4. HP: 29/44 MP: 3/3
   134 | D        | Killed a hellion
   135 | D        | Killed a hellion
   135 | D        | Killed a hellion
   160 | D        | Killed a white draconian scorcher
   160 | D        | Killed a white draconian scorcher
   180 | D        | Killed a hellion
   181 | D        | Killed a hellion
   182 | D        | Killed a hellion
   243 | D        | Killed a yaktaur
   282 | D        | Killed a yaktaur
   283 | D        | Found a radiant altar of Vehumet.
   283 | D        | Found a deep blue altar of Sif Muna.
   283 | D        | Found an ancient bone altar of Kikubaaqudgha.
   283 | D        | Noticed a wizard
   287 | D        | Killed a wizard
   287 | D        | Reached skill level 5 in Dodging
   291 | D        | Reached **** piety under Trog
   345 | D        | Found a glowing silver altar of Zin.
   346 | D        | Found a glowing golden altar of the Shining One.
   346 | D        | Found a white marble altar of Elyvilon.
   346 | D        | Noticed a deep elf mage
   352 | D        | Killed a deep elf mage
   352 | D        | Reached XP level 5. HP: 55/56 MP: 4/4
   352 | D        | Reached XP level 6. HP: 61/62 MP: 5/5
   352 | D        | Reached XP level 7. HP: 67/69 MP: 6/6
   362 | D        | Found a hide-covered altar of Uskayaw.
   362 | D        | Found an iron altar of Okawaru.
   363 | D        | Found a roughly hewn altar of Beogh.
   363 | D        | Found a bloodstained altar of Trog.
   363 | D        | Found an ornate altar of the Wu Jian Council.
   363 | D        | Noticed a human
   363 | D        | Noticed a human
   367 | D        | Killed a human
   367 | D        | Reached ***** piety under Trog
   374 | D        | Killed a human
   424 | D        | Found a shadowy altar of Dithmenos.
   430 | D        | Received a gift from Trog
   431 | D        | Found a basalt altar of Yredelemnul.
   431 | D        | Found a sacrificial altar of Ru.
   491 | D        | Noticed a shadow
   493 | D        | Killed a shadow
   493 | D        | Reached skill level 10 in Fighting
   493 | D        | Reached XP level 8. HP: 77/79 MP: 2/7
   504 | D        | Found a blossoming altar of Fedhas.
   504 | D        | Found a stormy altar of Qazlal.
   504 | D        | Found a snail-covered altar of Cheibriados.
   504 | D        | Found a burning altar of Makhleb.
   504 | D        | Found a shimmering altar of Xom.
   505 | D        | Found a hazy altar of Hepliaklqana.
   505 | D        | Found an opulent altar of Gozag.
   505 | D        | Found a sparkling altar of Nemelex Xobeh.
   505 | D        | Found a corrupted altar of Lugonu.
   505 | D        | Found a viscous altar of Jiyva.
   513 | D        | Reached skill level 10 in Armour
   602 | D        | Noticed Snorg
   617 | D        | Killed Snorg
   617 | D        | Reached skill level 15 in Axes
   617 | D        | Reached skill level 10 in Dodging
   617 | D        | Reached XP level 9. HP: 35/89 MP: 2/8
   878 | D        | Noticed an orc sorcerer
   879 | D        | Noticed an orc high priest
   885 | D        | Killed an orc sorcerer
   893 | D        | Killed an orc high priest
   894 | D        | Noticed an orc sorcerer
   896 | D        | Noticed a rust devil
   904 | D        | Received a gift from Trog
   905 | D        | Killed an orc sorcerer
   911 | D        | Received a gift from Trog
   924 | D        | Found Kaolaxtu's Food Shop.
  1165 | D        | Noticed a centaur warrior
  1174 | D        | Killed a centaur warrior
  1176 | D        | Reached XP level 10. HP: 50/100 MP: 3/9
  1364 | D        | Killed an unseen horror
  1406 | D        | Received a gift from Trog
  1411 | D        | Reached ****** piety under Trog
  1440 | D        | Got a polished executioner's axe {god gift}
  1441 | D        | Identified the +9 executioner's axe "Transmigrator" {protect, MR+ Int+6} (Trog gifted it to you in the Dungeon)
  1533 | D        | Received a gift from Trog
  1785 | D        | Received a gift from Trog
  1797 | D        | Received a gift from Trog
  1954 | D        | Received a gift from Trog
  2206 | D        | Noticed a spiny frog
  2206 | D        | Noticed a spiny frog
  2210 | D        | Killed a spiny frog
  2212 | D        | Killed a spiny frog
  2352 | D        | Received a gift from Trog
  2381 | D        | Reached XP level 11. HP: 111/111 MP: 10/10
  2538 | D        | Noticed Rupert
  2549 | D        | Killed Rupert
  2549 | D        | Reached skill level 15 in Fighting
  2863 | D        | Noticed a dire elephant
  2914 | D        | Noticed a dire elephant
  2921 | D        | Killed a dire elephant
  2921 | D        | Reached skill level 15 in Armour
  2922 | D        | Noticed Gastronok
  2926 | D        | Killed a dire elephant
  2926 | D        | Received a gift from Trog
  2987 | D        | Killed Gastronok
  3036 | D        | Noticed an azure jelly
  3037 | D        | Noticed an azure jelly
  3037 | D        | Noticed an azure jelly
  3039 | D        | Noticed an azure jelly
  3086 | D        | Killed Nessos
  3117 | D        | Noticed a death yak
  3117 | D        | Noticed a death yak
  3129 | D        | Killed a death yak
  3130 | D        | Noticed a death yak
  3131 | D        | Noticed a death yak
  3140 | D        | Killed a death yak
  3140 | D        | Reached XP level 12. HP: 99/122 MP: 11/11
  3148 | D        | Killed a death yak
  3155 | D        | Killed a death yak
  3155 | D        | Received a gift from Trog
  3155 | D        | Reached skill level 15 in Dodging
  3156 | D        | Received a gift from Trog
  3170 | D        | Got a jewelled broad axe {god gift}
  3172 | D        | Identified the +7 broad axe "Tuq Ojac" {chop, rPois Int+7} (Trog gifted it to you in the Dungeon)
  3393 | D        | Found Mevvej's Antique Weapon Shoppe.
  3393 | D        | Found Vofrob's Magic Scroll Boutique.
  3690 | D        | Found Tiraoma's Jewellery Emporium.
  3698 | D        | Bought a scroll of identify for 22 gold pieces
  3699 | D        | Bought an uncursed ring of protection from fire for 250 gold pieces
  3699 | D        | Bought the ring of the Evening {rPois MR+ Dex+3} for 425 gold pieces
  3699 | D        | Bought the amulet of Vitality {Regen+ HP+15} for 790 gold pieces
  3699 | D        | Found the amulet of Vitality {Regen+ HP+15}
  3778 | D        | Noticed a seven-headed hydra
  3782 | D        | Killed a ten-headed hydra
  3784 | D        | Received a gift from Trog
  3792 | D        | Got a decaying rune of Zot
  4033 | D        | Received a gift from Trog
  4034 | D        | Noticed Urug
  4040 | D        | Killed Urug
  4049 | D        | Noticed a seven-headed hydra
  4049 | D        | Noticed a seven-headed hydra
  4060 | D        | Killed an 11-headed hydra
  4067 | D        | Killed a 12-headed hydra
  4205 | D        | Found a blossoming altar of Fedhas.
  4224 | D        | Received a gift from Trog
  4252 | D        | Got an ichor-stained fustibalus {god gift}
  4253 | D        | Identified the +7 fustibalus "Vimup" {flame, rPois rC+ Int+4 Dex+2 Stlth-} (Trog gifted it to you in the Dungeon)
  4332 | D        | Received a gift from Trog
  4386 | D        | Got a pair of distressingly furry gloves
  4411 | D        | Identified the cursed +0 pair of gloves "Cowiung" {Int+4} (You found it in the Dungeon)
  4463 | D        | Noticed Polyphemus
  4475 | D        | Killed Polyphemus
  4553 | D        | Reached XP level 13. HP: 126/126 MP: 12/12
  4562 | D        | Noticed Ilsuiw
  4603 | D        | Killed Ilsuiw
  4603 | D        | Received a gift from Trog
  4706 | D        | Found Guassume's Magic Scroll Emporium.
  4728 | D        | Found Durymuy's Jewellery Shop.
  4729 | D        | Found Zofanwoc's Antique Weapon Shoppe.
  4730 | D        | Noticed a merfolk javelineer
  4752 | D        | Killed a merfolk javelineer
  4904 | D        | Got a barnacled rune of Zot
  4918 | D        | Bought a scroll of acquirement for 624 gold pieces
  4997 | D        | Noticed Donald
  4997 | D        | Noticed Frances
  5011 | D        | Killed Donald
  5015 | D        | Killed Frances
  5122 | D        | Gained mutation: Your spells are a little harder to cast, but a little more powerful. [a neqoxec]
  5246 | D        | Received a gift from Trog
  5266 | D        | Found Dura's Distillery.
  5266 | D        | Found Ukluusch's Book Shop.
  5266 | D        | Found Paivisiq's Armour Boutique.
  5266 | D        | Found Laneohim's Magic Scroll Shoppe.
  5266 | D        | Found Fiwooj Onank's Assorted Antiques.
  5266 | D        | Found Duduopel's Jewellery Emporium.
  5266 | D        | Found Jahof's Gadget Shoppe.
  5266 | D        | Found Dimil's Book Shop.
  5266 | D        | Found Ywiurako's Food Shop.
  5266 | D        | Found Haddis's Antique Armour Emporium.
  5266 | D        | Found Negesh's General Store.
  5266 | D        | Found Xeozyrgho's Antique Weapon Boutique.
  5312 | D        | Bought a bloodstained plate armour for 728 gold pieces
  5324 | D        | Identified the cursed +0 plate armour "Zougopt" {+Fly rF+} (You bought it in a shop in the Dungeon)
  5459 | D        | Received a gift from Trog
  5508 | D        | Found Ygiwkil's Gadget Emporium.
  5508 | D        | Found Ishri's Gadget Shop.
  5508 | D        | Found Vufiom's Food Shop.
  5508 | D        | Found Bahouss's Armour Shoppe.
  5610 | D        | Noticed a mummy priest
  5613 | D        | Killed a mummy priest
  5613 | D        | Received a gift from Trog
  5712 | D        | Found Qumeij's Food Boutique.
  5756 | D        | Noticed a black draconian knight
  5763 | D        | Received a gift from Trog
  5775 | D        | Killed a black draconian knight
  5819 | D        | Noticed an Executioner
  5827 | D        | Killed an Executioner
  5827 | D        | Received a gift from Trog
  5827 | D        | Reached XP level 14. HP: 106/139 MP: 13/13
  5921 | D        | Noticed Roxanne
  5935 | D        | Killed Roxanne
  5977 | D        | Received a gift from Trog
  6147 | D        | Received a gift from Trog
  6152 | D        | Got a faintly glowing battleaxe {god gift}
  6153 | D        | Identified the +10 battleaxe of Valuable Assets {protect, rPois} (Trog gifted it to you in the Dungeon)
  6241 | D        | Gained mutation: You are frail. (-10% HP) [a shining eye]
  6245 | D        | Gained mutation: You are very frail. (-20% HP) [a shining eye]
  6247 | D        | Reached skill level 27 in Axes
  6250 | D        | Received a gift from Trog
  6333 | D        | Noticed Chuck
  6348 | D        | Killed Chuck
  6385 | D        | Noticed Sojobo
  6393 | D        | Received a gift from Trog
  6406 | D        | Killed Sojobo
  6517 | D        | Noticed a lich
  6522 | D        | HP: 4/128 [disintegration (25)]
  6523 | D        | Killed a lich
  6704 | D        | Noticed a shadow dragon
  6705 | D        | Noticed a shadow dragon
  6711 | D        | Received a gift from Trog
  6715 | D        | Killed a shadow dragon
  6719 | D        | Killed a shadow dragon
  6889 | D        | Noticed a stone giant
  6911 | D        | Received a gift from Trog
  6914 | D        | Killed a stone giant
  6918 | D        | Reached XP level 15. HP: 121/121 MP: 14/14
  6991 | D        | Noticed a golden dragon
  7003 | D        | Killed a golden dragon
  7044 | D        | Noticed a shadow dragon
  7064 | D        | Killed a shadow dragon
  7070 | D        | Received a gift from Trog
  7124 | D        | Noticed a frost giant
  7129 | D        | Killed a frost giant
  7207 | D        | Noticed a golden dragon
  7208 | D        | Noticed a fire giant
  7220 | D        | Killed a golden dragon
  7231 | D        | Killed a fire giant
  7231 | D        | Received a gift from Trog
  7281 | D        | Noticed a fire giant
  7284 | D        | Noticed a fire giant
  7286 | D        | Killed a fire giant
  7290 | D        | Killed a fire giant
  7347 | D        | Received a gift from Trog
  7616 | D        | Received a gift from Trog
  7666 | D        | Got a silver rune of Zot
  7800 | D        | Received a gift from Trog
  7860 | D        | Received a gift from Trog
  7869 | D        | Got a pitted battleaxe {god gift}
  7870 | D        | Identified the +4 battleaxe of Lepaenn {freeze, Dex+7} (Trog gifted it to you in the Dungeon)
  7921 | D        | Received a gift from Trog
  7935 | D        | Noticed a sphinx
  7935 | D        | Noticed a sphinx
  7946 | D        | Killed a sphinx
  7954 | D        | Killed a sphinx
  8018 | D        | Received a gift from Trog
  8038 | D        | Received a gift from Trog
  8409 | D        | Reached XP level 16. HP: 60/127 MP: 15/15
  8573 | D        | Received a gift from Trog
  8928 | D        | Noticed a greater mummy
  8929 | D        | Received a gift from Trog
  8941 | D        | HP: 10/210 [jiangshi[a greater mummy] (10)]
  8944 | D        | Killed a greater mummy
  9180 | D        | Noticed a greater mummy
  9195 | D        | Killed a greater mummy
  9195 | D        | Received a gift from Trog
  9195 | D        | Reached skill level 27 in Fighting
  9195 | D        | Reached skill level 27 in Armour
  9272 | D        | Got a golden rune of Zot
  9403 | D        | Bought a scroll of enchant armour for 75 gold pieces
  9518 | D        | Bought a scroll of enchant armour for 90 gold pieces
  9518 | D        | Bought a scroll of enchant armour for 90 gold pieces
  9636 | D        | Bought a scroll of enchant armour for 172 gold pieces
  9749 | D        | Bought a scroll of enchant armour for 82 gold pieces
  9749 | D        | Bought a scroll of fog for 22 gold pieces
  9749 | D        | Bought a scroll of blinking for 82 gold pieces
  9898 | D        | Got a steaming copper ring
  9899 | D        | Identified the ring of Vobymast {rN+ Int+7 Dex+3} (You acquired it in the Dungeon)
  9935 | D        | Got a pitted silver ring
  9936 | D        | Identified the ring of Knowledge {Fire rElec Int+8 Stlth-} (You acquired it in the Dungeon)
  9942 | D        | Got a sparkling bone ring
  9943 | D        | Identified the ring of Denas {rPois rF+ MR+ SInv} (You acquired it in the Dungeon)
  9959 | D        | Received a gift from Trog
  9959 | D        | Reached skill level 27 in Dodging
  9994 | D        | Received a gift from Trog
  9994 | D        | Reached skill level 5 in Evocations
 10439 | D        | Found a viscous altar of Jiyva.
 10439 | D        | Noticed the Royal Jelly
 10448 | D        | Noticed an acid blob
 10448 | D        | Noticed an acid blob
 10449 | D        | Noticed an acid blob
 10452 | D        | HP: 6/139 [death ooze[the Royal Jelly] (14)]
 10453 | D        | Splashed with acid

Skill      XL: |  1  2  3  4  5  6  7  8  9 10 11 12 13 14 15 16 |
---------------+-------------------------------------------------+-----
Fighting       | 4 5 8 10 11 12 14 16 17 19 22 26 27 | 27.0
Axes           | 4 5 7 11 13 15 16 19 21 23 26 27 | 27.0
Armour         | 3 4 5 8 9 11 12 14 15 17 19 22 26 27 | 27.0
Dodging        | 3 4 7 9 10 11 13 14 16 18 21 24 27 | 27.0
Evocations     | 7 |  7.5

Action                   |  1- 3 |  4- 6 |  7- 9 | 10-12 | 13-15 | 16-18 || total
-------------------------+-------+-------+-------+-------+-------+-------++-------
Melee: Hand axe          |    18 |    10 |    17 |       |       |       ||    45
       Headbutt          |     7 |     3 |    10 |    58 |   162 |    30 ||   270
       Broad axe         |       |       |    39 |   126 |   192 |       ||   357
       Executioner's axe |       |       |       |   138 |    98 |   117 ||   353
       Battleaxe         |       |       |       |       |   230 |       ||   230
Invok: Berserk           |     2 |       |     2 |     4 |     4 |     1 ||    13
       Burn Spellbooks   |       |     1 |       |       |     2 |     1 ||     4
       Brothers in Arms  |       |       |     3 |     1 |     2 |     6 ||    12
       Trog's Hand       |       |       |       |       |     1 |       ||     1
Evoke: Wand              |       |       |       |       |       |     3 ||     3
  Use: Potion            |       |       |       |     1 |     1 |       ||     2
       Scroll            |       |       |       |       |     1 |    15 ||    16
 Stab: Sleeping          |       |       |     1 |       |       |       ||     1
       Distracted        |       |       |       |       |     1 |     1 ||     2
       Held in net/web   |       |       |       |       |     2 |       ||     2
  Eat: Chunk             |       |       |     2 |     9 |    12 |       ||    23
       Ration            |       |       |     1 |     2 |     2 |     2 ||     7
Armor: Animal skin       |       |     2 |     2 |       |       |       ||     4
       Chain mail        |       |       |     5 |   124 |    26 |       ||   155
       Plate armour      |       |       |       |       |   123 |       ||   123
       Gold dragon scale |       |       |       |       |    19 |    53 ||    72
Dodge: Dodged            |     9 |     1 |    27 |   237 |   232 |    87 ||   593
